 Dungeon Sprint DCSS version 0.29-a0-721-g7f417c9bbb (webtiles) character file.

Game seed: 7400057636330193402

228 mhtbhm the Covert (level 5, -1/25 HPs)
             Began as a Spriggan Enchanter on June 27, 2022.
             Was an Initiate of Dithmenos.
             Killed from afar by a white imp (11 damage)
             ... with a puff of frost
             ... summoned by a kobold demonologist
             ... in the Dungeon (Sprint III: "The Ten Rune Challenge").
             The game lasted 00:01:57 (370 turns).

mhtbhm the Covert (Spriggan Enchanter)               Turns: 370, Time: 00:01:57

Health: -1/25      AC:  5    Str:  4    XL:     5   Next: 71%
Magic:  4/14       EV: 19    Int: 17    God:    Dithmenos [......]
Gold:   32         SH:  0    Dex: 17    Spells: 4/15 levels left

rFire   . . .      SeeInvis +   a - +1 dagger
rCold   . . .      Faith    .   (no shield)
rNeg    . . .      Spirit   .   b - +0 robe
rPois   .          Reflect  .   (helmet restricted)
rElec   .          Harm     .   j - +2 cloak {Stlth+}
rCorr   .          Rampage  .   (gloves unavailable)
Will    .....      NoTele   +   (boots unavailable)
Stlth   ++++++....              (no amulet)
HPRegen 0.08/turn               (no ring)
MPRegen 0.14/turn               (no ring)

@: very quick
A: very small, no large weapons, unfitting armour, see invisible, speed 3,
talons 1, sturdy frame 1
a: Renounce Religion


You were in the Dungeon.
You worshipped Dithmenos.
Dithmenos was noncommittal.
You visited 1 branch You collected 32 gold pieces.

Inventory:

Hand Weapons
 a - a +1 dagger (weapon)
Armour
 b - a +0 robe (worn)
 j - a +2 cloak of stealth (worn)
Wands
 h - a wand of flame (8)
Scrolls
 i - a scroll of blinking
 l - 2 scrolls of torment {unknown}
 m - 3 scrolls of identify
 o - a scroll of poison {unknown}
Potions
 c - 2 potions of invisibility
 d - 2 potions of curing
 f - a potion of haste
 g - 2 potions of magic
 k - 2 potions of mutation
 n - 2 potions of flight
 p - a potion of attraction {unknown}


   Skills:
 + Level 1.0 Fighting
 + Level 3.4 Short Blades
 + Level 5.1 Dodging
 + Level 12.0 Stealth
 + Level 5.7 Spellcasting
 + Level 8.7 Hexes
 + Level 2.1 Evocations


You had 4 spell levels left.
You knew the following spells:

 Your Spells              Type           Power      Damage    Failure   Level
a - Ensorcelled Hibernat  Hex/Ice        38%        N/A       3%          2
b - Confusing Touch       Hex            34%        N/A       1%          3
c - Tukima's Dance        Hex            34%        N/A       1%          3
d - Dazzling Flash        Conj/Hex       38%        N/A       7%          3

Your spell library contained the following spells:

 Spells                   Type           Power      Damage    Failure   Level


Dungeon Overview and Level Annotations

Branches:
Dungeon (1/1)

Altars:
Dithmenos
Kikubaaqudgha
Ru
Sif Muna
Vehumet
Yredelemnul


Innate Abilities, Weirdness & Mutations

You are very small and have problems with some larger weapons.
You are too small for most types of armour.
You have supernaturally acute eyesight. (SInv)
You cover ground extremely quickly. (Speed+++)
You have sharp toenails.
Your movements are slightly less encumbered by armour. (ER -2)


Message History

The kobold demonologist misses you.
The shadow imp hits you but does no damage.
You hit the kobold demonologist but do no damage.
You claw the kobold demonologist, but do no damage.
The kobold demonologist hits you with a +0 dagger.
The shadow imp misses you.
You hit the kobold demonologist but do no damage.
The kobold demonologist appears confused.
The kobold demonologist completely misses the shadow imp.
You hit the kobold demonologist.
The kobold demonologist is lightly wounded.
The shadow imp closely misses you.
The white imp grins evilly.
The kobold demonologist barely misses you.
The kobold demonologist hits itself with a +0 dagger.
You barely miss the kobold demonologist.
The kobold demonologist is moderately wounded.
The shadow imp misses you.
You closely miss the kobold demonologist.
You claw the kobold demonologist, but do no damage.
The kobold demonologist is moderately wounded.
The shadow imp hits you but does no damage.
You hit the kobold demonologist but do no damage.
The kobold demonologist is moderately wounded.
The kobold demonologist hits you with a +0 dagger.
The shadow imp misses you.
You hit the kobold demonologist.
You claw the kobold demonologist, but do no damage.
The kobold demonologist is severely wounded.
The kobold demonologist completely misses you.
The shadow imp closely misses you.
You barely miss the kobold demonologist.
You claw the kobold demonologist.
The kobold demonologist is almost dead.
The shadow imp completely misses you.
You hit the kobold demonologist but do no damage.
The kobold demonologist is almost dead.
The white imp gestures at you. The puff of frost hits you!
You die...

▓▓▓▓▓▓ ▓▓▓ .#[..#### ##.#
#### .#......#####..# #__#
##.......#..#..# #._#
.##.##...#..#..###+#+###'##
.##.###).##'#..#........†.#
####.##..###...'.⌠........#
##..##..####...#.K.######+#
....##..###....#@5.#
#..##...##.....#5..#
..##....#......#'###
.###..##.#..)..#.: .# #..
####....#___ ▓▓ ▓▓▓
▓▓▓▓▓▓▓▓▓▓


You could see a kobold demonologist (confused), a white imp (summoned) and a
shadow imp (summoned).

Vanquished Creatures
  A necrophage (D)
  A water elemental (D)
  Crazy Yiuf (D)
  Jessica (D)
  A necromancer (D)
  A human (D)
  2 endoplasms (D)
  A rat (D)
9 creatures vanquished.

Vanquished Creatures (others)
  A wizard (D)
1 creature vanquished.

Grand Total: 10 creatures vanquished

Notes
Turn   | Place    | Note
-------+----------+-------------------------------------------
     0 | D        | mhtbhm the Spriggan Enchanter began the quest for the Orb.
     0 | D        | Reached XP level 1. HP: 9/9 MP: 5/5
    10 | D        | Reached skill level 5 in Stealth
    23 | D        | Noticed Jessica
    37 | D        | Killed Jessica
    38 | D        | Reached skill level 7 in Stealth
    38 | D        | Reached skill level 5 in Hexes
    38 | D        | Reached XP level 2. HP: 13/13 MP: 5/7
    38 | D        | Reached XP level 3. HP: 16/16 MP: 6/9
   104 | D        | Noticed Crazy Yiuf
   107 | D        | Killed Crazy Yiuf
   108 | D        | Reached skill level 8 in Stealth
   122 | D        | Reached XP level 4. HP: 21/21 MP: 9/11
   145 | D        | Gained mutation: Your movements are slightly less
                  | encumbered by armour. (ER -2) [potion of mutation]
   145 | D        | Gained mutation: You have sharp toenails. [potion of
                  | mutation]
   249 | D        | Noticed a water elemental
   252 | D        | Killed a water elemental
   253 | D        | Reached skill level 10 in Stealth
   253 | D        | Reached skill level 5 in Spellcasting
   253 | D        | Reached skill level 1 in Evocations
   253 | D        | Reached XP level 5. HP: 25/25 MP: 11/13
   256 | D        | Learned a level 2 spell: Ensorcelled Hibernation
   260 | D        | Learned a level 3 spell: Confusing Touch
   264 | D        | Learned a level 3 spell: Tukima's Dance
   268 | D        | Learned a level 3 spell: Dazzling Flash
   277 | D        | Found a basalt altar of Yredelemnul.
   277 | D        | Found a shadowy altar of Dithmenos.
   277 | D        | Found a sacrificial altar of Ru.
   285 | D        | Reached skill level 5 in Dodging
   285 | D        | Reached skill level 11 in Stealth
   295 | D        | Reached skill level 1 in Fighting
   295 | D        | Reached skill level 12 in Stealth
   333 | D        | Became a worshipper of Dithmenos the Shadowed
   347 | D        | Found a radiant altar of Vehumet.
   349 | D        | Found a shimmering blue altar of Sif Muna.
   349 | D        | Found an ancient bone altar of Kikubaaqudgha.
   370 | D        | Killed from afar by a white imp

Illustrated notes

Levels and vault maps discovered:
D:        dungeon_sprint_mu [sprint_mu_entry_cave, sprint_mu_temple_rooms,
          sprint_mu_d1_horrors, sprint_mu_d2_genie, sprint_mu_d3_branching,
          sprint_mu_orc_legion, sprint_mu_elf_gauntlet, sprint_mu_hive_nellie,
          sprint_mu_lair_fedhas, sprint_mu_vaults_butterflies,
          sprint_mu_slime_circle, sprint_mu_swamp_cave, sprint_mu_shoals_kraken,
          sprint_mu_blade_basic, sprint_mu_crypt_lich, sprint_mu_tomb_spiral,
          sprint_mu_vestibule_basic, sprint_mu_gehenna_hellfire,
          sprint_mu_dis_giant, sprint_mu_tartarus_statrot,
          sprint_mu_cocytus_islands, sprint_mu_zot1]

Skill      XL: |  1  2  3  4  5 |
---------------+----------------+-----
Stealth        | 7 8 10 12 | 12.0
Spellcasting   | 3 4 5 |  5.7
Hexes          | 5 6 7 8 |  8.7
Dodging        | 3 4 5 |  5.1
Short Blades   | 2 3 |  3.4
Evocations     | 1 2 |  2.1
Fighting       | 1 |  1.0

Action                   |  1- 3 |  4- 6 || total
-------------------------+-------+-------++-------
Melee: Dagger            |     8 |    17 ||    25
       Kick              |       |     6 ||     6
 Cast: Confusing Touch   |       |     3 ||     3
       Dazzling Flash    |       |     2 ||     2
Evoke: Wand              |     5 |       ||     5
  Use: Potion            |     1 |     2 ||     3
 Stab: Sleeping          |     4 |     2 ||     6
       Confused          |       |     1 ||     1
Armor: Robe              |       |     4 ||     4
Dodge: Dodged            |     3 |    13 ||    16

Table legend: (Time is in decaauts)
 A = Elapsed time spent in this place.
 B = Non-inter-level travel time spent in this place.
 C = Inter-level travel time spent in this place.
 D = Time resting spent in this place.
 E = Time spent auto-exploring this place.
 F = Levels seen in this place.
 G = Mean time per level.
                   A        B        C        D        E       F      G
               +--------+--------+--------+--------+--------+-----+--------+
         Total |    331 |    331 |      0 |    188 |      7 |   1 |  331.0 |
       Dungeon |    331 |    331 |      0 |    188 |      7 |   1 |  331.0 |
               +--------+--------+--------+--------+--------+-----+--------+

Top non-repeatable levels by time:
       D: 331 daAuts
